 Dungeon Crawl Stone Soup version 0.22.1-1-ga44c0e5 (webtiles) character file.

23445 dohliylev the Covert (level 12, -5/86 HPs)
             Began as a Vampire Enchanter on Oct 25, 2018.
             Was a High Priest of Dithmenos.
             Slain by a yak (7 damage)
             ... in an ice cave on Oct 31, 2018.
             The game lasted 01:15:06 (13604 turns).

dohliylev the Covert (Vampire Enchanter)           Turns: 13604, Time: 01:15:07

Health: -5/86      AC: 14    Str: 12    XL:     12   Next: 71%
Magic:  17/24      EV: 21    Int: 21    God:    Dithmenos [*****.]
Gold:   872        SH:  5    Dex: 16    Spells: 21/27 levels left

rFire    + . .     SeeInvis +   k - +1 dagger (venom)
rCold    + . .     Gourm    .   K - +0 buckler
rNeg     + . .     Faith    .   u - +2 robe {rC+}
rPois    .         Spirit   .   N - +2 helmet
rElec    .         Reflect  .   i - +0 cloak
rCorr    .         Harm     .   G - +0 pair of gloves
MR       ++...                  P - +0 pair of boots
Stlth    ++++++++++             A - amulet "Posh" {+Rage Str+5}
HPRegen  0.44/turn              p - ring "Illi" {*Corrode rF+ rN+ MR+ Stlth+}
MPRegen  0.19/turn              H - +4 ring of protection

@: berserk cooldown, regenerating quickly, wreathed by umbra
A: fangs 3, see invisible, unbreathing
a: Shadow Step, Shadow Form, Renounce Religion, Evoke Berserk Rage


You were in an ice cave.
You worshipped Dithmenos.
Dithmenos was extremely pleased with you.
You were almost alive.

You visited 2 branches of the dungeon, and saw 13 of its levels.
You also visited: Labyrinth and Ice Cave.

You collected 872 gold pieces.

Inventory:

Hand Weapons
 k - a +1 dagger of venom (weapon)
Armour
 i - a +0 cloak (worn)
 u - a +2 robe of cold resistance (worn)
 G - a +0 pair of gloves (worn)
 I - +0 acid dragon scales
 K - a +0 buckler (worn)
 N - a +2 helmet (worn)
 P - a +0 pair of boots (worn)
Jewellery
 p - the ring "Illi" (left hand) {*Corrode rF+ rN+ MR+ Stlth+}
   (You found it on level 4 of the Dungeon)

   [ring of protection from magic]

   It protects you from fire.
   It protects you from negative energy.
   It affects your resistance to hostile enchantments.
   It may corrode you when you take damage.
   It makes you more stealthy.
 A - the amulet "Posh" (around neck) {+Rage Str+5}
   (You took it off a minotaur in a labyrinth)

   [amulet of rage]

   It affects your strength (+5).
   It lets you go berserk.
 H - a +4 ring of protection (right hand)
Wands
 c - a wand of polymorph (14)
 m - a wand of clouds (9)
 q - a wand of paralysis (64)
 s - a wand of flame (55)
 z - a wand of enslavement (14)
 C - a wand of digging (38)
 D - a wand of iceblast (9)
 M - a wand of random effects (33)
Scrolls
 a - 10 scrolls of remove curse
 e - 3 scrolls of enchant armour
 g - 3 scrolls of amnesia
 j - 2 scrolls of fog
 l - 2 scrolls of teleportation
 r - a scroll of blinking
 t - 4 scrolls of fear
 L - a scroll of silence {unknown}
Potions
 d - a potion of mutation {unknown}
 f - a potion of brilliance
 h - 4 potions of flight
 n - a potion of haste {unknown}
 o - 4 potions of might
 v - 3 potions of heal wounds {unknown}
 w - a potion of agility {unknown}
 x - a potion of cancellation {unknown}
 B - 57 potions of blood
 J - a potion of berserk rage


   Skills:
 - Level 5.0 Fighting
 - Level 10.0 Short Blades
 - Level 12.0 Dodging
 + Level 13.9 Stealth
 - Level 4.0 Shields
 - Level 8.0 Spellcasting
 - Level 12.1 Hexes


You had 21 spell levels left.
You knew the following spells:

 Your Spells              Type           Power        Failure   Level  Hunger
a - Corona                Hex            ######.      1%          1    None
b - Ensorcelled Hibernat  Hex/Ice        ####..       1%          2    None
c - Confuse               Hex            ######..     1%          3    None

Your spell library contained the following spells:

 Spells                   Type           Power        Failure   Level  Hunger
 Dazzling Spray           Conj/Hex       ####..       1%          3    None
 Portal Projectile        Hex/Tloc       ####..       1%          3    None
 Tukima's Dance           Hex            ######..     1%          3    None
 Fulminant Prism          Conj/Hex       ####......   7%          4    ###....
 Beastly Appendage        Tmut           #.....       8%          1    None
 Magic Dart               Conj           #...         8%          1    None
 Blink                    Tloc           N/A          12%         2    None
 Searing Ray              Conj           #.....       12%         2    None
 Sticks to Snakes         Tmut           #.......     12%         2    None
 Metabolic Englaciation   Hex/Ice        ####......   19%         5    #####..
 Ozocubu's Armour         Chrm/Ice       #.......     24%         3    None
 Spider Form              Tmut/Pois      #.........   24%         3    None
 Force Lance              Conj/Tloc      #.......     61%         4    ###....
 Ice Form                 Ice/Tmut       #.......     61%         4    ###....
 Iskenderun's Mystic Bla  Conj           #.......     61%         4    ###....
 Passage of Golubria      Tloc           N/A          61%         4    ###....
 Blade Hands              Tmut           #.........   91%         5    #####..
 Bolt of Magma            Conj/Fire/Erth #.........   91%         5    #####..
 Borgnjor's Vile Clutch   Necr/Erth      #.........   91%         5    #####..
 Bolt of Cold             Conj/Ice       #.........   100%        6    ######.
 Freezing Cloud           Conj/Ice/Air   #.........   100%        6    ######.
 Ozocubu's Refrigeration  Ice            #.........   100%        6    ######.
 Simulacrum               Ice/Necr       #.........   100%        6    ######.
 Controlled Blink         Tloc           N/A          100%        8    #######


Dungeon Overview and Level Annotations

Branches:
Dungeon (9/15)             Temple (0/1) D:6            Lair (4/6) D:9
  Swamp (0/4) Lair:2        Snake (0/4) Lair:3
    Orc: D:9-12

Altars:
Ashenzari
Dithmenos
Elyvilon
Gozag
Kikubaaqudgha
Nemelex Xobeh
Qazlal
Sif Muna
Trog
Vehumet
Wu Jian
Xom
The Shining One


Innate Abilities, Weirdness & Mutations

Your natural rate of healing is unusually fast.
You have razor-sharp teeth.
You have supernaturally acute eyesight. (SInv)
You can survive without breathing.


Message History

Confirm with . or Enter, or press ? or * to list all spells.
Aiming: Confuse (safe; 1% risk of failure)
Press: ? - help, Shift-Dir - straight line, f - death yak
Aim: a death yak (heavily wounded, umbra, chance to defeat MR: 13%)
The death yak resists with almost no effort.
Your shadow mimicks your spell!
The death yak resists with almost no effort.
You feel better.
Yummy - fresh blood!
The death yak barely misses you. The yak barely misses you.
Yummy - fresh blood!
You block the death yak's attack. The yak misses you.
Yummy - fresh blood!
The death yak completely misses you. The yak completely misses you.
Yummy - fresh blood!
The death yak closely misses you. The yak misses you.
Yummy - fresh blood!
You block the death yak's attack. The yak closely misses you.
Yummy - fresh blood!
The death yak gores you!!
* * * LOW HITPOINT WARNING * * *
The yak gores you!
You die...

.####
###..#########..##
## #..## ###..#
###..# #...##
###...## ##..##
##....## ##..## ##
#....## ###..##
.####..### #...##
##.###...###
###..#
###.####...#
##Y@.## #≈≈≈≈≈#
.#.####...##
#.Y### ##≈≈#≈#≈≈
...##...###
##..####≈≈≈≈≈≈≈≈
##....###
##..###≈≈≈≈≈≈≈≈≈
###### #..###
≈≈≈≈#≈≈#
##.≈≈####≈≈≈#####
####≈≈#≈≈≈##...###
##≈≈≈≈#≈†.##.Y##
#≈≈≈#≈≈.#####..#


You could see a death yak and a yak.

Vanquished Creatures
  A minotaur (Lab)
  A hydra (Lair:2)
  2 death yaks (IceCv)
  A swamp dragon (Lair:2)
  4 black mambas (Lair:3)
  2 elephants (Lair:4)
  The ghost of Jaiteiro the Covered, a novice GnWn of Okawaru (D:6)
  2 komodo dragons
  5 spiny frogs
  A hornet (D:8)
  9 polar bears (IceCv)
  3 blink frogs (Lair:1)
  2 hippogriffs
  3 shadows (Lab)
  4 wyverns
  31 yaks
  4 hungry ghosts (Lab)
  A human (D:9)
  4 hogs (D:9)
  A basilisk (Lair:4)
  A steam dragon (D:7)
  Menkaure (D:7)
  An acid dragon (D:9)
  12 water moccasins
  5 porcupines
  2 orc warriors
  An ice beast (D:7)
  A sky beast (D:5)
  2 phantoms
  13 wolves (IceCv)
  4 ogres
  3 centaurs
  2 crocodiles
  8 bullfrogs
  3 scorpions
  A water moccasin skeleton (D:6)
  6 killer bees (D:4)
  7 howler monkeys
  An electric eel (Lair:1)
  3 crimson imps
  A quasit (D:7)
  An orc priest (D:4)
  A bullfrog skeleton (D:7)
  5 hounds
  4 orc wizards
  4 iguanas
  6 worker ants
  2 hell rats (Lair:2)
  A hound skeleton (D:4)
  3 gnolls (D:7)
  2 worker ant zombies
  11 adders
  8 river rats
  2 shadow imps
  3 oozes
  2 adder zombies (D:7)
  5 worms
  2 leopard geckos
  23 orcs
  2 ball pythons
  5 bats
  4 giant cockroaches
  6 goblins
  3 hobgoblins
  7 jackals (D:7)
  10 kobolds
  2 quokkas
  6 frilled lizards
  A leopard gecko zombie (D:5)
  5 rats
296 creatures vanquished.

Vanquished Creatures (others)
  A polar bear (IceCv)
  A crocodile (Lair:2)
  2 fungi
  A plant (Lair:1)
5 creatures vanquished.

Grand Total: 301 creatures vanquished

Notes
Turn   | Place    | Note
-------+----------+-------------------------------------------
     0 | D:1      | dohliylev the Vampire Enchanter began the quest for the
                  | Orb.
     0 | D:1      | Reached XP level 1. HP: 13/13 MP: 3/3
   270 | D:1      | Reached skill level 5 in Stealth
   270 | D:1      | Reached XP level 2. HP: 14/19 MP: 5/5
   274 | D:1      | Learned a level 2 spell: Ensorcelled Hibernation
  1225 | D:2      | Found a shimmering altar of Xom.
  1226 | D:2      | Found a shimmering altar of Xom.
  1227 | D:2      | Found a shimmering altar of Xom.
  1318 | D:2      | Reached skill level 6 in Stealth
  1318 | D:2      | Reached XP level 3. HP: 16/24 MP: 0/6
  1484 | D:2      | Found a shadowy altar of Dithmenos.
  1503 | D:2      | Became a worshipper of Dithmenos the Shadowed
  1549 | D:2      | Found a faded altar of an unknown god.
  1896 | D:2      | Found a shimmering altar of Xom.
  1944 | D:2      | Reached skill level 7 in Stealth
  2065 | D:3      | Reached XP level 4. HP: 22/30 MP: 0/7
  2210 | D:3      | Found an ornate altar of the Wu Jian Council.
  2210 | D:3      | Found a sparkling altar of Nemelex Xobeh.
  2210 | D:3      | Found a glowing golden altar of the Shining One.
  2210 | D:3      | Found an opulent altar of Gozag.
  2210 | D:3      | Found a deep blue altar of Sif Muna.
  2210 | D:3      | Found a radiant altar of Vehumet.
  2518 | D:3      | Reached * piety under Dithmenos
  2541 | D:3      | Reached skill level 8 in Stealth
  2905 | D:4      | Reached XP level 5. HP: 16/35 MP: 8/8
  3011 | D:4      | Reached XP level 6. HP: 18/41 MP: 1/9
  3306 | D:4      | Reached skill level 5 in Short Blades
  3312 | D:4      | Reached XP level 7. HP: 46/46 MP: 10/10
  3441 | D:4      | Learned a level 3 spell: Confuse
  3596 | D:4      | Got a sparkling lapis lazuli ring
  3975 | D:5      | Entered Level 5 of the Dungeon
  3986 | D:5      | Found a stormy altar of Qazlal.
  3986 | D:5      | Found a shattered altar of Ashenzari.
  4024 | D:5      | Reached skill level 1 in Fighting
  4024 | D:5      | Reached skill level 5 in Dodging
  4088 | D:5      | Found an ancient bone altar of Kikubaaqudgha.
  4102 | D:5      | Identified the ring "Illi" {*Corrode rF+ rN+ MR+ Stlth+}
                  | (You found it on level 4 of the Dungeon)
  4124 | D:5      | Reached XP level 8. HP: 54/54 MP: 3/11
  4275 | D:5      | Reached ** piety under Dithmenos
  5027 | D:6      | Found a runed door.
  5361 | D:6      | Noticed Jaiteiro's ghost (novice GnWn)
  5473 | D:6      | Killed Jaiteiro's ghost
  5504 | D:6      | Found a staircase to the Ecumenical Temple.
  5660 | D:7      | Noticed Menkaure
  5664 | D:7      | Reached skill level 5 in Hexes
  5669 | D:7      | Killed Menkaure
  5669 | D:7      | Reached XP level 9. HP: 63/63 MP: 12/12
  6470 | D:8      | Reached skill level 5 in Spellcasting
  6955 | D:8      | Found a white marble altar of Elyvilon.
  7337 | D:9      | Reached XP level 10. HP: 70/70 MP: 11/19
  7340 | D:9      | Reached *** piety under Dithmenos
  7342 | D:9      | Reached skill level 10 in Hexes
  7610 | D:9      | Found a staircase to the Lair.
  7856 | D:9      | Found a bloodstained altar of Trog.
  8326 | Lair:1   | Entered Level 1 of the Lair of Beasts
  8468 | Lair:1   | Noticed a spiny frog
  8479 | Lair:1   | Killed a spiny frog
  8517 | Lair:1   | Noticed a six-headed hydra
  8983 | Lair:1   | Noticed a spiny frog
  8990 | Lair:1   | Killed a spiny frog
  9048 | Lair:1   | Noticed a spiny frog
  9053 | Lair:1   | Killed a spiny frog
  9053 | Lair:1   | Reached skill level 9 in Stealth
  9992 | Lair:2   | Reached skill level 10 in Stealth
 10118 | Lair:2   | Reached skill level 11 in Stealth
 10118 | Lair:2   | Reached XP level 11. HP: 32/75 MP: 16/23
 10444 | Lair:2   | Killed a six-headed hydra
 10444 | Lair:2   | Reached **** piety under Dithmenos
 10444 | Lair:2   | Reached skill level 12 in Stealth
 10753 | Lair:2   | Found a staircase to the Swamp.
 10757 | Lair:2   | Noticed a swamp dragon
 10792 | Lair:2   | Killed a swamp dragon
 11110 | Lair:3   | Found a staircase to the Snake Pit.
 11163 | Lair:3   | Reached skill level 10 in Dodging
 11281 | Lair:3   | Reached skill level 1 in Shields
 11523 | Lair:3   | Found a labyrinth entrance.
 11534 | Lab      | Entered a labyrinth
 11822 | Lab      | Noticed a minotaur
 11840 | Lab      | Killed a minotaur
 11840 | Lab      | Reached XP level 12. HP: 83/83 MP: 6/24
 11841 | Lab      | Identified Nionib's Volume of the Dusty Frostbite
 11842 | Lab      | Got a flickering diamond amulet
 11844 | Lab      | Identified the Grimoire of the Guilds
 11864 | Lab      | Identified the amulet "Posh" {+Rage Str+5} (You took it off
                  | a minotaur in a labyrinth)
 12448 | Lair:4   | Got a steaming large shield
 12590 | Lair:4   | Found a frozen archway.
 12685 | IceCv    | Entered an ice cave
 12751 | IceCv    | Reached ***** piety under Dithmenos
 12827 | IceCv    | Identified the +1 large shield of Simm {Int+4} (You found
                  | it on level 4 of the Lair of Beasts)
 13134 | IceCv    | Noticed a death yak
 13186 | IceCv    | Killed a death yak
 13302 | IceCv    | Reached skill level 5 in Fighting
 13302 | IceCv    | Reached skill level 10 in Short Blades
 13435 | IceCv    | Reached skill level 13 in Stealth
 13530 | IceCv    | Noticed a frost giant
 13530 | IceCv    | Noticed a death yak
 13533 | IceCv    | Noticed a death yak
 13582 | IceCv    | Killed a death yak
 13604 | IceCv    | HP: 2/86 [death yak (24)]
 13604 | IceCv    | Slain by a yak

Skill      XL: |  1  2  3  4  5  6  7  8  9 10 11 12 |
---------------+-------------------------------------+-----
Stealth        | 5 6 7 8 11 12 13 | 13.9
Short Blades   | 2 4 5 6 9 10 | 10.0
Dodging        | 3 5 8 11 12 | 12.0
Fighting       | 1 3 4 5 |  5.0
Hexes          | 5 9 12 | 12.1
Spellcasting   | 6 8 |  8.0
Shields        | 1 4 |  4.0

Action                   |  1- 3 |  4- 6 |  7- 9 | 10-12 || total
-------------------------+-------+-------+-------+-------++-------
Melee: Dagger            |    89 |    46 |   356 |   439 ||   930
       Bite              |     2 |       |    32 |    43 ||    77
       Short sword       |       |       |     1 |       ||     1
 Cast: Ensorcelled Hiber |    20 |    17 |    76 |   183 ||   296
       Confuse           |       |       |    18 |    38 ||    56
       Corona            |       |       |       |     1 ||     1
Invok: Shadow Step       |       |       |     1 |     1 ||     2
 Abil: End Transformatio |     1 |       |     1 |     2 ||     4
       Bat Form          |     1 |       |     1 |     2 ||     4
       Evoke Berserk Rag |       |       |       |     2 ||     2
  Use: Scroll            |     3 |       |    12 |     7 ||    22
       Potion            |       |     7 |     7 |    20 ||    34
 Stab: Sleeping          |    29 |    18 |    57 |   106 ||   210
       Confused          |       |       |     8 |    18 ||    26
       Distracted        |       |       |     1 |       ||     1
  Eat: Corpse            |     7 |     6 |     7 |    15 ||    35
Armor: Robe              |     7 |     3 |    29 |    61 ||   100
Dodge: Dodged            |    35 |    22 |   212 |   372 ||   641
Block: Buckler           |       |       |       |    56 ||    56
